 Dungeon Crawl Stone Soup version bcrawl-1.21.2-28-g2cb1824106 (webtiles) character file.

Game seed: 1388055080160884760

33 MisterOstroum the Skirmisher (level 3, 16/31 HPs)
             Began as a Draconian Archaeologist on Mar 6, 2020.
             Quit the game on level 2 of the Dungeon.
             The game lasted 00:02:40 (1694 turns).

MisterOstroum the Skirmisher (DrAc)                 Turns: 1694, Time: 00:02:40

Health: 16/31      AC:  9    Str: 14    XL:     3   Next: 12%
Magic:  3/3        EV: 12    Int: 14    God:
Gold:   102        SH:  0    Dex:  9    Spells: 2/2 levels left

rFire    . . .     SeeInvis .   a - +0 whip
rCold    . . .     Gourm    .   (no shield)
rNeg     . . .     Faith    .   (armour unavailable)
rPois    .         Spirit   .   b - +1 hat
rElec    +         Reflect  .   (no cloak)
rCorr    .         Harm     .   i - +0 pair of gloves
MR       +....                  c - +1 pair of boots
Stlth    ++........             (no amulet)
HPRegen  0.10/turn              h - ring of protection from magic
MPRegen  0.08/turn              j - ring of insulation

@: no status effects
A: unfitting armour, cold-blooded, AC +5
a: no special abilities


You were on level 2 of the Dungeon.
You were hungry.

You visited 1 branch of the dungeon, and saw 2 of its levels.

You collected 102 gold pieces.

Inventory:

Hand Weapons
 a - a +0 whip (weapon)
Missiles
 m - 244 bolts
 n - 183 stones (quivered)
 q - 378 sling bullets
Armour
 b - a +1 hat (worn)
 c - a +1 pair of boots (worn)
 i - a +0 pair of gloves (worn)
 r - a +0 large shield
Jewellery
 h - a ring of protection from magic (left hand)
 j - a ring of insulation (right hand)
Scrolls
 d - a scroll of magic mapping {@r5 !r}
 g - a scroll of amnesia {unknown}
 k - a scroll of remove curse {unknown}
 p - a scroll of teleportation {unknown}
Potions
 l - a potion of curing {unknown}
 o - a potion of resistance {unknown}
Miscellaneous
 f - a dusty tome
Comestibles
 e - 4 rations {!d}


   Skills:
 * Level 3.3 Fighting
 - Level 1.0 Maces & Flails
 + Level 2.7 Dodging
 - Level 3.0 Stealth


You had 2 spell levels left.
You didn't know any spells.
Your spell library was empty.

Dungeon Overview and Level Annotations

Branches:
Dungeon (2/12)

Altars:


Innate Abilities, Weirdness & Mutations

Your plain brown scales are hard. (AC +5)
You cannot fit into any form of body armour.
You are cold-blooded and may be slowed by cold attacks.


Message History

The crimson imp is heavily wounded.
The crimson imp barely misses you.
You hit the crimson imp.
The crimson imp is severely wounded.
The crimson imp hits you but does no damage.
You barely miss the crimson imp.
Your tail-slap misses the crimson imp.
The crimson imp is severely wounded.
The crimson imp misses you.
You miss the crimson imp.
The crimson imp is severely wounded.
The crimson imp closely misses you.
You miss the crimson imp.
The crimson imp is heavily wounded.
The crimson imp hits you.
You closely miss the crimson imp.
Your tail-slap misses the crimson imp.
The crimson imp is heavily wounded.
The crimson imp barely misses you.
You closely miss the crimson imp.
The crimson imp is heavily wounded.
The crimson imp hits you but does no damage.
You closely miss the crimson imp.
The crimson imp is moderately wounded.
The crimson imp hits you but does no damage.
You hit the crimson imp. You tail-slap the crimson imp.
The crimson imp is severely wounded.
The crimson imp hits you but does no damage.
You closely miss the crimson imp.
The crimson imp is severely wounded.
The crimson imp hits you.
You closely miss the crimson imp.
The crimson imp is severely wounded.
The crimson imp misses you.
You barely miss the crimson imp.
The crimson imp is heavily wounded.
The crimson imp summons a swarm of flies.
The crimson imp closely misses you.
You miss the crimson imp.
Your tail-slap misses the crimson imp.
The crimson imp is heavily wounded.
The crimson imp hits you.
You hit the crimson imp.
The crimson imp is severely wounded.
The crimson imp closely misses you.
You hit the crimson imp.
The crimson imp is severely wounded.
The crimson imp hits you.
You hit the crimson imp but do no damage.
The crimson imp is severely wounded.
The crimson imp misses you. The crimson imp closely misses you.
You hit the crimson imp but do no damage.
The crimson imp is heavily wounded.
The crimson imp barely misses you.
You hit the crimson imp.
The crimson imp is severely wounded.
The crimson imp closely misses you.
You hit the crimson imp.
The crimson imp is severely wounded.
The crimson imp blinks!
The crimson imp blinks!
Throwing (i - inventory)
n - 186 stones (quivered)
Press: ? - help, Shift-Dir - straight line, f/p - crimson imp
Aim: a crimson imp (heavily wounded)
You throw a stone.
The stone hits the crimson imp but does no damage.
The crimson imp is heavily wounded.
The crimson imp closely misses you.
You hit the crimson imp.
The crimson imp is heavily wounded.
The crimson imp hits you but does no damage.
You closely miss the crimson imp.
The crimson imp is heavily wounded.
The crimson imp blinks!
Throwing (i - inventory)
n - 185 stones (quivered)
Press: ? - help, Shift-Dir - straight line, f/p - crimson imp
Aim: a crimson imp (heavily wounded)
You throw a stone. The stone hits the crimson imp.
The crimson imp is heavily wounded.
The crimson imp blinks!
Throwing (i - inventory)
n - 184 stones (quivered)
Press: ? - help, Shift-Dir - straight line, f/p - crimson imp
Aim: a crimson imp (heavily wounded)
You throw a stone.
The stone barely misses the crimson imp.
You hit the crimson imp but do no damage.
The crimson imp is moderately wounded.
The crimson imp hits you but does no damage.
You closely miss the crimson imp.
You tail-slap the crimson imp, but do no damage.
The crimson imp is moderately wounded.
The crimson imp misses you.
You hit the crimson imp but do no damage.
The crimson imp is moderately wounded.
The crimson imp completely misses you.
You closely miss the crimson imp.
The crimson imp is lightly wounded.
The crimson imp completely misses you.
You barely miss the crimson imp.
Your tail-slap misses the crimson imp.
The crimson imp is lightly wounded.
The crimson imp hits you but does no damage.
Okay, then.
Are you sure you want to abandon this character and quit the game? (Confirm with "yes".)

#####..####.#
....5.......#
##.###.#.#### ?..#
#.#.#
###.##.#.#########
#..............#
#.#....###.#.#.#
..#.....# #.#5#####
##.##..รท.# #?.@....#
#.......# ###.###.#
#####.### #.# #.# #.#
#.# #.# ##'## ..# #.#
##...## ### #.#
##.....## ### #.#
##.......## ##.###.#
##.........####......#


You could see a crimson imp.

Vanquished Creatures
  An ooze (D:1)
  A worm (D:2)
  A dart slug (D:1)
  2 ball pythons
  2 giant cockroaches (D:1)
  3 goblins
  3 hobgoblins
  2 bats
  3 kobolds (D:1)
  5 rats
23 creatures vanquished.

Notes
Turn   | Place    | Note
-------+----------+-------------------------------------------
     0 | D:1      | MisterOstroum the Draconian Archaeologist began the quest
                  | for the Orb.
     0 | D:1      | Reached XP level 1. HP: 16/16 MP: 1/1
   213 | D:1      | Reached XP level 2. HP: 18/25 MP: 2/2
   809 | D:2      | Noticed a crimson imp
  1076 | D:2      | Reached XP level 3. HP: 31/31 MP: 3/3
  1694 | D:2      | Quit the game

Skill      XL: |  1  2 |
---------------+-------+-----
Fighting       | 2 3 |  3.3
Maces & Flails | |  1.0
Dodging        | |  2.7
Stealth        | |  3.0

Action                   || total
-------------------------++-------
Melee: Whip              ||   264
       Tailslap          ||    19
Throw: Stone             ||     8
 Stab: Sleeping          ||     3
  Eat: Chunk             ||     2
Armor: Skin              ||    88
Dodge: Dodged            ||   138
